 Dungeon Crawl Stone Soup version 0.23.2-1-ga50397a (webtiles) character file.

Game seed: 13564466148292745320

31 KnotZ the Vexing (level 3, 0/20 HPs)
             Began as a Deep Elf Arcane Marksman on May 30, 2019.
             Slain by a gnoll
             ... wielding a +0 flail
              (7 damage)
             ... on level 1 of the Dungeon on May 31, 2019.
             The game lasted 00:25:49 (2407 turns).

KnotZ the Vexing (Deep Elf Arcane Marksman)         Turns: 2407, Time: 00:25:50

Health: 0/20       AC:  2    Str:  7    XL:     3   Next: 7%
Magic:  7/7        EV: 13    Int: 17    God:
Gold:   43         SH:  0    Dex: 16    Spells: 4/5 levels left

rFire    . . .     SeeInvis .   b - +4 flail
rCold    . . .     Gourm    .   (no shield)
rNeg     . . .     Faith    .   p - +0 robe
rPois    .         Spirit   .   (no helmet)
rElec    .         Reflect  .   (no cloak)
rCorr    .         Harm     .   (no gloves)
MR       .....                  (no boots)
Stlth    ++........             (no amulet)
HPRegen  0.06/turn              (no ring)
MPRegen  0.10/turn              (no ring)

@: no status effects
A: no striking features
a: no special abilities


You were on level 1 of the Dungeon.
You were not hungry.

You visited 1 branch of the dungeon, and saw 2 of its levels.

You collected 43 gold pieces.

Inventory:

Hand Weapons
 a - a +0 shortbow
 b - a +4 flail (weapon)
 c - a +0 club
 l - a +0 dagger
Missiles
 d - 49 arrows
Armour
 p - a +0 robe (worn)
Scrolls
 i - a scroll of identify {unknown}
 j - a scroll of magic mapping
 k - a scroll of remove curse {unknown}
Potions
 m - a potion of curing {unknown}
 r - a potion of haste {unknown}
Comestibles
 f - 3 rations
 g - 3 chunks of flesh


   Skills:
 + Level 1.0 Fighting
 * Level 0.4 Short Blades
 + Level 2.5 Bows
 + Level 2.5 Dodging
 * Level 0.8 Stealth
 + Level 1.7 Spellcasting
 + Level 4.9 Hexes


You had 4 spell levels left.
You knew the following spells:

 Your Spells              Type           Power        Failure   Level  Hunger
a - Corona                Hex            ###....      2%          1    #......

Your spell library contained the following spells:

 Spells                   Type           Power        Failure   Level  Hunger
 Slow                     Hex            ###.....     4%          2    ###....
 Inner Flame              Hex/Fire       #.......     22%         3    ###....
 Portal Projectile        Hex/Tloc       #.....       22%         3    ###....
 Cause Fear               Hex            ###.......   26%         4    #####..
 Leda's Liquefaction      Hex/Erth       #.........   56%         4    #####..


Dungeon Overview and Level Annotations

Branches:
Dungeon (2/15)

Altars:


Message History

The gnoll hits you from afar with a +0 spear!
* * * LOW HITPOINT WARNING * * *
The gnoll hits you from afar with a +0 spear.
* * * LOW HITPOINT WARNING * * *
The gnoll closely misses you.
You climb upwards.
There is a stone staircase leading down here.
The gnoll closely misses you. The gnoll closely misses you.
The gnoll hits you but does no damage.
You see here 17 stones.
The gnoll hits you but does no damage. The gnoll hits you with a +0 flail.
* * * LOW HITPOINT WARNING * * *
The gnoll barely misses you. The gnoll completely misses you.
A gnoll is nearby!
The gnoll hits you but does no damage. The gnoll hits you with a +0 flail!
You die...

....#.#...#########..######......
......#........# #..# #......
....###...####.# #..# #......
....# #...# #.# #..# #..###.
....# #...####.####..# #......
....# #.####.....##..# #......
....# #.# #.....##..# #......
##### #.# #.....##..# #......
##.####....@+...# #..###.
#.........g.##)## #..#,#.
#..####.....##.# #..###. #..#
#####.##.# #...... ######..#
#.##.#######...... ........#
#.##............## ######.##
#.##..########.># #.# #.##..#
#### #.# #.##..#


You could see a gnoll.

Vanquished Creatures
  A gnoll (D:2)
  2 worms
  2 goblins (D:1)
  2 hobgoblins
  3 jackals (D:1)
  2 kobolds (D:1)
  A bat (D:2)
  A frilled lizard (D:1)
  2 rats (D:1)
16 creatures vanquished.

Vanquished Creatures (others)
  4 toadstools (D:2)
4 creatures vanquished.

Grand Total: 20 creatures vanquished

Notes
Turn   | Place    | Note
-------+----------+-------------------------------------------
     0 | D:1      | KnotZ the Deep Elf Arcane Marksman began the quest for the
                  | Orb.
     0 | D:1      | Reached XP level 1. HP: 11/11 MP: 5/5
   593 | D:1      | Reached XP level 2. HP: 12/16 MP: 4/6
  1908 | D:2      | Reached skill level 1 in Fighting
  2205 | D:1      | Reached XP level 3. HP: 20/20 MP: 7/7
  2407 | D:1      | Slain by a gnoll

Skill      XL: |  1  2 |
---------------+-------+-----
Fighting       | 1 |  1.0
Short Blades   | |  0.4
Bows           | |  2.5
Dodging        | |  2.5
Stealth        | |  0.8
Spellcasting   | |  1.7
Hexes          | |  4.9

Action                   || total
-------------------------++-------
Melee: Club              ||     8
       Flail             ||     8
 Fire: Shortbow          ||    32
 Cast: Corona            ||    12
  Use: Scroll            ||     1
  Eat: Ration            ||     1
       Chunk             ||     1
Armor: Chain mail        ||     6
       Robe              ||     5
Dodge: Dodged            ||    23
